 Dungeon Crawl Stone Soup version 0.17.0-28-g6e173f8 (webtiles) character file.

485 Redz the Skirmisher (level 7, -14/42 HPs)
             Began as a Gargoyle Skald on Nov 25, 2015.
             Was an Initiate of Okawaru.
             Demolished by an ogre
             ... wielding a +0 giant club
              (16 damage)
             ... on level 5 of the Dungeon.
             The game lasted 00:15:48 (4160 turns).

Redz the Skirmisher (Gargoyle Skald)                Turns: 4160, Time: 00:15:48

Health: -14/42     AC:  9    Str: 16    XL:     7   Next: 13%
Magic:  6/11       EV:  7    Int: 14    God:    Okawaru [......]
Gold:   317        SH:  0    Dex:  9    Spells: 2 memorised, 8 levels left

rFire  . . .     SeeInvis .     a - +1 mace
rCold  . . .     Clarity  .     b - +1 leather armour
rNeg   + . .     SustAt   +     (no shield)
rPois  ∞         Gourm    .     (no helmet)
rElec  +         Spirit   .     (no cloak)
rCorr  +         Warding  .     (no gloves)
rMut   .         Stasis   .     (no boots)
MR     .....                    r - amulet of resist corrosion
Stlth  +.........               (no ring)
                                y - ring of sustain attributes

@: infused, not resistant to hostile enchantments, very unstealthy
A: negative energy resistance 1, electricity resistance, unbreathing,
petrification resistance, rot immunity, AC +4
a: Renounce Religion


You were on level 5 of the Dungeon.
You worshipped Okawaru.
Okawaru was noncommittal.
You were not hungry.

You visited 2 branches of the dungeon, and saw 7 of its levels.

You collected 317 gold pieces.

Inventory:

Hand Weapons
 a - a +1 mace (weapon)
Armour
 b - a +1 leather armour (worn)
Jewellery
 r - an amulet of resist corrosion (around neck)
 y - a ring of sustain attributes (left hand)
Wands
 o - a wand of flame (24)
Scrolls
 e - 2 scrolls of recharging
 g - 3 scrolls of remove curse
 i - a scroll of amnesia
 k - 6 scrolls of identify
Potions
 h - 3 potions of curing
 m - a potion of brilliance
Books
 c - a book of Battle

   Spells                             Type                      Level
   a - Infusion                       Charms                       1
   b - Shroud of Golubria             Charms/Translocation         2
   c - Song of Slaying                Charms                       2
   d - Spectral Weapon                Hexes/Charms                 3
   e - Regeneration                   Charms/Necromancy            3
Comestibles
 d - 2 bread rations
 f - a chunk of flesh
 j - 2 beef jerkies
 n - a meat ration


   Skills:
 * Level 3.7 Fighting
 * Level 3.6 Maces & Flails
 + Level 2.8 Armour
 + Level 3.1 Dodging
 + Level 0.8 Stealth
 + Level 2.7 Spellcasting
 + Level 3.6 Charms


You had 8 spell levels left.
You knew the following spells:

 Your Spells              Type           Power        Failure   Level  Hunger
a - Infusion              Chrm           ##....       8%          1    #......
b - Shroud of Golubria    Chrm/Tloc      #.........   24%         2    ###....


Dungeon Overview and Level Annotations

Branches:
Dungeon (6/15)             Temple (1/1) D:4

Altars:
Ashenzari
Cheibriados
Dithmenos
Elyvilon
Gozag
Makhleb
Nemelex Xobeh
Okawaru
Qazlal
Sif Muna
Vehumet
Yredelemnul
The Shining One
Lugonu

Shops:
D:4 }


Innate Abilities, Weirdness & Mutations

You are resistant to torment.
Your stone body is resilient (AC +4).
You are immune to poison.
You resist negative energy.
You are resistant to electric shocks.
You can survive without breathing.
You are immune to petrification.
You are immune to rotting.


Message History

You hit the ogre.
The ogre is lightly wounded.
The ogre completely misses you.
You barely miss the ogre.
The ogre is lightly wounded.
The ogre hits you with a giant club!!
Your shroud falls apart!
You hit the ogre.
The ogre is moderately wounded.
The ogre completely misses you.
You hit the ogre!
The ogre is heavily wounded.
The ogre hits you with a giant club!!
* * * LOW HITPOINT WARNING * * *
A quokka skeleton comes into view.
The quokka skeleton moves out of view.
There is a stone staircase leading up here.
There is a stone staircase leading down here.
The ogre hits you with a giant club!
You die...

.###.##### #.#..##.#
........# #.##.##.#
###.......# #(##.##.#
.##.......# #.......#
.##.......# ####.####
.##.......# #..#
###.......# #.##
###.......# #.# .##.#####.#
#@# ....# #O# ....#
#.######<# ....#
#........##########
..#.#####.#########.......#
..#)......# #.#####.#
....####### ###.#####.####
#......# #............####
######.# #.#.##.##.##.....


You could see an ogre.

Vanquished Creatures
  2 scorpions (D:5)
  A giant frog zombie (D:5)
  A hound (D:4)
  A crimson imp (D:3)
  2 jellies
  3 worker ants
  A worker ant zombie (D:5)
  5 adders
  2 oozes
  A worm (D:2)
  A giant gecko (D:1)
  6 orcs
  2 ball pythons
  7 bats
  4 goblins
  8 hobgoblins
  2 quokkas
  3 giant cockroaches
  7 giant newts
  8 kobolds
  21 rats
88 creatures vanquished.

Notes
Turn   | Place    | Note
--------------------------------------------------------------
     0 | D:1      | Redz the Gargoyle Skald began the quest for the Orb.
     0 | D:1      | Reached XP level 1. HP: 12/12 MP: 3/3
     0 | D:1      | Noticed a merfolk zombie
     2 | D:1      | Noticed a vine stalker zombie
     5 | D:1      | Noticed a troll zombie
     8 | D:1      | Noticed a spriggan zombie
    11 | D:1      | Noticed an elf zombie
    13 | D:1      | Noticed a spriggan zombie
    15 | D:1      | Noticed an elf zombie
    15 | D:1      | Noticed an elf zombie
    17 | D:1      | Noticed a minotaur zombie
    19 | D:1      | Noticed an elf zombie
    21 | D:1      | Noticed an octopode zombie
   129 | D:1      | Reached XP level 2. HP: 12/18 MP: 5/5
   141 | D:1      | Learned a level 2 spell: Shroud of Golubria
   588 | D:1      | Reached skill level 1 in Dodging
   594 | D:1      | Reached skill level 3 in Charms
   594 | D:1      | Reached XP level 3. HP: 22/22 MP: 2/6
   734 | D:2      | Found a shattered altar of Ashenzari.
  1111 | D:2      | Reached XP level 4. HP: 15/27 MP: 7/7
  1680 | D:3      | Found a basalt altar of Yredelemnul.
  1990 | D:3      | Found a radiant altar of Vehumet.
  1990 | D:3      | Found a burning altar of Makhleb.
  2266 | D:3      | Reached XP level 5. HP: 10/32 MP: 5/8
  2386 | D:4      | Noticed a phantom
  2466 | D:4      | Found a staircase to the Ecumenical Temple.
  2476 | Temple   | Entered the Ecumenical Temple
  2494 | Temple   | Became a worshipper of Warmaster Okawaru
  2649 | D:4      | Found a burning altar of Makhleb.
  2726 | D:4      | Found a snail-covered altar of Cheibriados.
  2788 | D:5      | Entered Level 5 of the Dungeon
  2861 | D:5      | Reached XP level 6. HP: 35/37 MP: 9/9
  3158 | D:5      | Found a glowing golden altar of the Shining One.
  3421 | D:5      | Noticed an ogre
  3425 | D:5      | Noticed a water moccasin
  3632 | D:4      | Found Inuenlie's Gadget Shoppe.
  4073 | D:6      | Reached XP level 7. HP: 34/42 MP: 7/11
  4154 | D:5      | HP: 1/42 [ogre/giant club (18)]
  4160 | D:5      | Demolished by an ogre

Action                   |  1- 3 |  4- 6 |  7- 9 || total
-------------------------+-------+-------+-------++-------
Melee: Mace              |   152 |   276 |     9 ||   437
 Cast: Shroud of Golubri |     1 |    13 |     1 ||    15
       Infusion          |     1 |     9 |     2 ||    12
  Use: Scroll            |       |    12 |       ||    12
       Potion            |       |     4 |       ||     4
  Eat: Chunk             |     1 |     9 |       ||    10
       Meat ration       |       |     1 |       ||     1
